 Dungeon Crawl Stone Soup version 0.19-a0-45-g2c295ea (webtiles) character file.

780 M4edhros the Martial Artist (level 7, 0/41 HPs)
             Began as an Octopode Necromancer on May 5, 2016.
             Succumbed to a scorpion's poison
             ... in an ossuary.
             The game lasted 00:09:21 (1401 turns).

M4edhros the Martial Artist (Octopode Necromancer)  Turns: 1401, Time: 00:09:22

Health: 0/41       AC:  1    Str:  7    XL:     7   Next: 85%
Magic:  2/10       EV: 12    Int: 18    God:
Gold:   83         SH:  0    Dex: 14    Spells: 3 memorised, 5 levels left

rFire  . . .     SeeInvis .       - Unarmed
rCold  . . .     Gourm    .     (no shield)
rNeg   . . .     Faith    .     (helmet restricted)
rPois  .         Spirit   .     (no amulet)
rElec  .         Dismiss  .     (no ring)
rCorr  .         Reflect  .     (no ring)
SustAt .         Harm     .     (no ring)
MR     .....                    (no ring)
Stlth  +++.......               (no ring)
                                (no ring)
                                (no ring)
                                (no ring)

@: lethally poisoned (0 -> -10), not resistant to hostile enchantments, fairly
stealthy
A: almost no armour, amphibious, 8 rings, constrict 8, camouflage 1, gelatinous
body 1
a: no special abilities


You were in an ossuary.
You were not hungry.

You visited 1 branch of the dungeon, and saw 5 of its levels.
You also visited: Ossuary.

You collected 83 gold pieces.

Inventory:

Hand Weapons
 e - a +1 dagger of venom
Wands
 c - a wand of lightning (7/15)
Scrolls
 d - 2 scrolls of identify {unknown}
 f - a scroll of magic mapping {unknown}
 k - a scroll of immolation {unknown}
 l - a scroll of noise {unknown}
 m - 2 scrolls of remove curse {unknown}
 n - a scroll of random uselessness {unknown}
 q - a scroll of teleportation {unknown}
Potions
 i - a potion of agility
 p - a potion of brilliance
Books
 a - a book of Necromancy

   Spells                             Type                      Level
   a - Pain                           Necromancy                   1
   b - Animate Skeleton               Necromancy                   1
   c - Vampiric Draining              Necromancy                   3
   d - Regeneration                   Charms/Necromancy            3
   e - Animate Dead                   Necromancy                   4
   f - Control Undead                 Necromancy                   4
Comestibles
 b - 2 bread rations


   Skills:
 - Level 2.0 Dodging
 - Level 2.6 Stealth
 + Level 8.4 Unarmed Combat
 - Level 2.0 Spellcasting
 - Level 4.0 Necromancy


You had 5 spell levels left.
You knew the following spells:

 Your Spells              Type           Power        Failure   Level  Hunger
a - Pain                  Necr           ###.         3%          1    #......
b - Animate Skeleton      Necr           N/A          3%          1    #......
r - Regeneration          Chrm/Necr      #.........   24%         3    ###....


Dungeon Overview and Level Annotations

Branches:
Dungeon (5/15)
 Temple: D:4-7

Altars:

Annotations:
D:4 no0bjke's ghost, amateur GrBe


Innate Abilities, Weirdness & Mutations

You cannot wear most types of armour.
You are amphibious.
You can wear up to eight rings at the same time.
You can use your tentacles to constrict eight enemies at once.
Your skin changes colour to match your surroundings (Stealth).
Your rubbery body absorbs attacks (AC +1).


Message History

Drink which item? (? for menu, Esc to quit)
Okay, then.
Evoke which item? (* to show all) (? for menu, Esc to quit)
Okay, then.
* * * LOW HITPOINT WARNING * * *
You feel sick.
You open the door.
* * * LOW HITPOINT WARNING * * *
You feel sick.
Evoke which item? (* to show all) (? for menu, Esc to quit)
Zapping:
c - a wand of lightning (will waste charges)
Press: ? - help, Shift-Dir - straight line, f - mummy
Aim: a mummy You hear a mighty clap of thunder!
The bolt of lightning hits the mummy.
The mummy is severely damaged.
The bolt of lightning hits the mummy.
You destroy the mummy!
Evoking this partially-identified wand wasted a few charges.
You die...

#########################
#...#...#...#.....#.....#
#.∩.'.∩.#...'.....#.....#
#...#...#.@.#.....8.....#
######'###'##...........#
#...#...#!?.#...........#
#...8...#!..###8.....8###
#.......#?!.#...........#
##8...8######...........#
#.......#...#.....8.....#
#...8...#...'.....#.....#
#...#...#..^#.....#.....#


There were no monsters in sight!

Vanquished Creatures
  Menkaure (D:4)
  A sky beast (D:5)
  5 scorpions
  2 centaur zombies (Ossuary)
  2 human zombies (Ossuary)
  A giant frog skeleton (D:4)
  Terence (D:2)
  A worker ant (D:4)
  2 big kobold zombies (Ossuary)
  A mummy (Ossuary)
  2 adders
  A scorpion zombie (Ossuary)
  A shadow imp (D:5)
  A worm (D:3)
  A dart slug (D:3)
  A giant gecko (D:2)
  3 orcs (D:3)
  3 goblins
  3 hobgoblins
  A jackal (D:3)
  5 quokkas
  4 bats
  A giant newt (D:3)
  3 goblin zombies (Ossuary)
  5 kobolds
  2 orc zombies (Ossuary)
  3 rats (D:3)
57 creatures vanquished.

Vanquished Creatures (collateral kills)
  An orc (D:3)
1 creature vanquished.

Vanquished Creatures (others)
  A mummy (Ossuary)
1 creature vanquished.

Grand Total: 59 creatures vanquished

Notes
Turn   | Place    | Note
--------------------------------------------------------------
     0 | D:1      | M4edhros the Octopode Necromancer began the quest for the Orb.
     0 | D:1      | Reached XP level 1. HP: 11/11 MP: 3/3
     5 | D:1      | Learned a level 1 spell: Animate Skeleton
   117 | D:1      | Reached skill level 1 in Unarmed Combat
   167 | D:2      | Reached XP level 2. HP: 17/17 MP: 5/5
   208 | D:2      | Reached skill level 2 in Unarmed Combat
   298 | D:2      | Noticed Terence
   307 | D:2      | Killed Terence
   307 | D:2      | Reached skill level 3 in Unarmed Combat
   307 | D:2      | Reached XP level 3. HP: 14/21 MP: 6/6
   312 | D:2      | Learned a level 3 spell: Regeneration
   541 | D:3      | Reached XP level 4. HP: 18/27 MP: 3/7
   638 | D:4      | Reached skill level 4 in Unarmed Combat
   638 | D:4      | Reached XP level 5. HP: 28/31 MP: 8/8
   693 | D:4      | Noticed Menkaure
   709 | D:4      | Noticed no0bjke's ghost (amateur GrBe)
   820 | D:4      | Reached skill level 5 in Unarmed Combat
   872 | D:4      | Killed Menkaure
   872 | D:4      | Reached skill level 6 in Unarmed Combat
   872 | D:4      | Reached XP level 6. HP: 25/36 MP: 5/9
   899 | D:5      | Entered Level 5 of the Dungeon
   908 | D:5      | Noticed a sky beast
   968 | D:5      | Killed a sky beast
  1000 | D:5      | Found a sand-covered staircase.
  1013 | Ossuary  | Entered an ossuary
  1094 | Ossuary  | Reached skill level 7 in Unarmed Combat
  1094 | Ossuary  | Reached XP level 7. HP: 34/41 MP: 2/10
  1248 | Ossuary  | Reached skill level 8 in Unarmed Combat
  1399 | Ossuary  | HP: 2/41 [poisoned by a scorpion]
  1401 | Ossuary  | Succumbed to a scorpion's poison

Vault maps used:
D:1:      lemuel_arrival_lava_pool
D:2:      first_bread, uniq_iyjb, uniq_terence, uniq_sigmund
D:4:      wad_woods_tower, minmay_misc_feat_square, uniq_pikel, uniq_menkaure,
          uniq_eustachio
D:5:      gammafunk_temple_overflow_pools, minmay_temple_entry_nine_rooms,
          nicolae_ossuary_entry_false_entrances
Ossuary:  ossuary_minmay_scorpions

Skill      XL: |  1  2  3  4  5  6  7 |
---------------+----------------------+-----
Unarmed Combat | 1 3 4 6 7 8 |  8.4
Dodging        | |  2.0
Stealth        | |  2.6
Spellcasting   | |  2.0
Necromancy     | |  4.0

Action                   |  1- 3 |  4- 6 |  7- 9 || total
-------------------------+-------+-------+-------++-------
Melee: Dagger            |    35 |    37 |       ||    72
       Constrict         |     8 |    16 |     8 ||    32
       Tentacles         |     4 |    11 |     9 ||    24
       Punch             |     1 |     4 |     4 ||     9
       Unarmed           |       |    44 |    68 ||   112
 Cast: Pain              |     7 |     2 |       ||     9
       Animate Skeleton  |     4 |     5 |       ||     9
       Regeneration      |     1 |    14 |    11 ||    26
Evoke: Wand              |       |       |     1 ||     1
  Use: Potion            |       |     7 |       ||     7
 Stab: Sleeping          |     6 |     7 |     2 ||    15
  Eat: Chunk             |       |     1 |       ||     1
       Royal jelly       |       |     1 |       ||     1
       Meat ration       |       |       |     1 ||     1
Armor: Skin              |     5 |     6 |     1 ||    12
Dodge: Dodged            |    17 |    44 |    21 ||    82
